 Dungeon Crawl Stone Soup version 0.24-a0-447-ge8da9206dc (webtiles) character file.

Game seed: 11921762070930229803

664699 Azzok the Imperceptible (level 27, 0/284 HPs)
             Began as a Gnoll Fighter on June 25, 2019.
             Was an Elder of Cheibriados.
             Slain by Wacuhatu the pandemonium lord (22 damage)
             ... on level 11 of a ziggurat on June 26, 2019.
             The game lasted 03:08:06 (73339 turns).

Azzok the Imperceptible (Gnoll Fighter)            Turns: 73339, Time: 03:08:06

Health: 0/284      AC: 40    Str: 32 (34) XL:     27
Magic:  32/44      EV: 31    Int: 38 (41) God:    Cheibriados [****..]
Gold:   1726       SH:  0    Dex: 25 (28) Spells: 14/61 levels left

rFire    . . .     SeeInvis +   N - +4 broad axe (freeze)
rCold    + + .     Gourm    .   c - +1 shield {rC+}
rNeg     + . .     Faith    .   (armour currently unavailable)
rPois    ∞         Spirit   .   p - +3 crown of Dyrovepreva {rElec Int+2 SInv}
rElec    +         Reflect  .   m - +3 cloak of Woelin {+Blink rC+ Dex+4 Slay+3}
rCorr    .         Harm     .   (gloves currently unavailable)
MR       +++..                  (boots currently unavailable)
Stlth    +++.......             D - amulet of regeneration
HPRegen  1.97/turn              b - ring of Vyucven {+Fly MR+ Int+8}
MPRegen  0.29/turn              v - ring of wizardry

@: confused, mighty, about to teleport, statue-form (expiring), very slightly
contaminated, regenerating, studying 3 skills, very slow
A: distributed training, fangs 1, mutation resistance 1, strong nose
}: 3/15 runes: serpentine, barnacled, silver
a: End Transformation, Bend Time, Temporal Distortion, Slouch, Renounce
Religion, Evoke Blink, Evoke Flight


You were on level 11 of a ziggurat.
You worshipped Cheibriados.
Cheibriados was greatly pleased with you.
You were not hungry.
You were a stone statue.
You visited 11 branches of the dungeon, and saw 49 of its levels.
You visited the Abyss 1 time.
You visited 1 ziggurat, and saw 11 of its levels.
You also visited: Ossuary and Wizlab.

You collected 7892 gold pieces.
You spent 6166 gold pieces at shops.

Inventory:

Hand Weapons
 N - a +4 broad axe of freezing (weapon)
 W - the +9 staff of Wucad Mu {channel}
   (You found it in a wizard's laboratory)
Missiles
 C - 13 throwing nets (quivered)
Armour
 c - a +1 shield of cold resistance (worn)
 k - a +2 pair of gloves of strength (melded)
 m - the +3 cloak of Woelin (worn) {+Blink rC+ Dex+4 Slay+3}
   (Okawaru gifted it to you on level 5 of the Lair of Beasts)

   It affects your dexterity (+4).
   It affects your accuracy and damage with ranged weapons and melee attacks
   (+3).
   It protects you from cold.
   It lets you blink.
 p - the +3 crown of Dyrovepreva (worn) {rElec Int+2 SInv}
   (You bought it in a shop on level 2 of the Shoals)

   It affects your intelligence (+2).
   It insulates you from electricity.
   It lets you see invisible.
Magical Staves
 g - an uncursed staff of earth
 t - an uncursed staff of wizardry
 z - an uncursed staff of conjuration
Jewellery
 b - the ring of Vyucven (left hand) {+Fly MR+ Int+8}
   (You acquired it on level 3 of the Vaults)

   [ring of flight]

   It affects your intelligence (+8).
   It affects your resistance to hostile enchantments.
   It lets you fly.
 v - a ring of wizardry (right hand)
 x - an uncursed ring of resist corrosion
 D - an amulet of regeneration (around neck)
 M - the amulet "Tick" {Reflect rN++ SH+2}
   (You acquired it on level 7 of a ziggurat)

   [amulet of reflection]

   It shields you and reflects attacks.
   It greatly protects you from negative energy.
   It affects your SH (+2).
Wands
 a - a wand of scattershot (7)
 I - a wand of acid (2)
 J - a wand of iceblast (22)
 K - a wand of digging (25)
 O - a wand of clouds (12)
 Q - a wand of disintegration (19)
 Y - a wand of paralysis (43)
Scrolls
 h - 15 scrolls of fog
 i - 17 scrolls of magic mapping
 l - 7 scrolls of amnesia
 n - 30 scrolls of remove curse
 q - 21 scrolls of teleportation
 B - 6 scrolls of blinking
 G - 2 scrolls of enchant armour
 S - 12 scrolls of fear
 U - 13 scrolls of identify
Potions
 d - 2 potions of might
 e - 5 potions of ambrosia
 j - 6 potions of flight
 o - 20 potions of curing
 r - 5 potions of agility
 u - 7 potions of resistance
 w - 13 potions of haste
 A - 4 potions of mutation {!q}
 H - 4 potions of invisibility
 L - 7 potions of lignification
 P - 2 potions of magic
 R - 11 potions of heal wounds
 T - 7 potions of brilliance
 X - 4 potions of cancellation
Books
 y - a manual of Translocations
 E - a manual of Stealth
 Z - a manual of Armour
Miscellaneous
 F - a lightning rod (4/4)
Comestibles
 f - 39 rations
 s - 6 chunks of flesh


   Skills:
 + Level 18.7 Fighting
 + Level 17.9 Short Blades
 + Level 17.9 Long Blades
 + Level 18.3 Axes
 + Level 17.9 Maces & Flails
 + Level 17.9 Polearms
 + Level 17.9 Staves
 + Level 17.9 Slings
 + Level 17.9 Bows
 + Level 17.9 Crossbows
 + Level 17.9 Throwing
 + Level 20.9 Armour
 + Level 17.9 Dodging
 + Level 21.1 Stealth
 + Level 18.7 Shields
 + Level 17.9 Unarmed Combat
 + Level 17.9 Spellcasting
 + Level 15.4 Conjurations
 + Level 15.4 Hexes
 + Level 15.4 Charms
 + Level 15.4 Summonings
 + Level 15.4 Necromancy
 + Level 19.4 Translocations
 + Level 15.4 Transmutations
 + Level 15.4 Fire Magic
 + Level 15.4 Ice Magic
 + Level 15.4 Air Magic
 + Level 15.4 Earth Magic
 + Level 15.4 Poison Magic
 + Level 19.2 Invocations
 + Level 17.9 Evocations


You had 14 spell levels left.
You knew the following spells:

 Your Spells              Type           Power        Failure   Level  Hunger
a - Statue Form           Tmut/Erth      ########.    1%          6    None
b - Ignition              Fire           ########..   4%          8    ####...
c - Invisibility          Hex            ########     1%          6    None
d - Fire Storm            Conj/Fire      ########..   52%         9    ######.
e - Shatter               Erth           ########..   52%         9    ######.
f - Deflect Missiles      Chrm/Air       ########..   1%          6    None
g - Regeneration          Chrm/Necr      ########..   0%          3    None

Your spell library contained the following spells:

 Spells                   Type           Power        Failure   Level  Hunger
 Animate Skeleton         Necr           N/A          0%          1    None
 Apportation              Tloc           ######       0%          1    None
 Beastly Appendage        Tmut           ######       0%          1    None
 Confusing Touch          Hex            ######       0%          1    None
 Corona                   Hex            #######      0%          1    None
 Flame Tongue             Conj/Fire      #####        0%          1    None
 Freeze                   Ice            ####         0%          1    None
 Infusion                 Chrm           ####         0%          1    None
 Magic Dart               Conj           ####         0%          1    None
 Pain                     Necr           ####         0%          1    None
 Shock                    Conj/Air       ####         0%          1    None
 Sting                    Conj/Pois      ####         0%          1    None
 Summon Butterflies       Summ           ########     0%          1    None
 Summon Small Mammal      Summ           ####         0%          1    None
 Blink                    Tloc           N/A          0%          2    None
 Call Imp                 Summ           ########     0%          2    None
 Corpse Rot               Necr           N/A          0%          2    None
 Ensorcelled Hibernation  Hex/Ice        ######       0%          2    None
 Passwall                 Tmut/Erth      ########     0%          2    None
 Poisonous Vapours        Pois/Air       ######       0%          2    None
 Shroud of Golubria       Chrm/Tloc      ######       0%          2    None
 Slow                     Hex            ########     0%          2    None
 Song of Slaying          Chrm           ########     0%          2    None
 Sticks to Snakes         Tmut           ########     0%          2    None
 Swiftness                Chrm/Air       ########     0%          2    None
 Throw Flame              Conj/Fire      ######       0%          2    None
 Throw Frost              Conj/Ice       ######       0%          2    None
 Confuse                  Hex            ########     0%          3    None
 Conjure Flame            Conj/Fire      ########     0%          3    None
 Dazzling Spray           Conj/Hex       ######       0%          3    None
 Gell's Gravitas          Tloc           ########..   0%          3    None
 Ignite Poison            Fire/Tmut/Pois ########     0%          3    None
 Inner Flame              Hex/Fire       ########     0%          3    None
 Lesser Beckoning         Tloc           ########..   0%          3    None
 Mephitic Cloud           Conj/Pois/Air  ########     0%          3    None
 Ozocubu's Armour         Chrm/Ice       ########     0%          3    None
 Portal Projectile        Hex/Tloc       ######       0%          3    None
 Spectral Weapon          Hex/Chrm       ########     0%          3    None
 Spider Form              Tmut/Pois      ########..   0%          3    None
 Static Discharge         Conj/Air       ########     0%          3    None
 Stone Arrow              Conj/Erth      ######       0%          3    None
 Summon Guardian Golem    Hex/Summ       ########     0%          3    None
 Teleport Other           Tloc           ########     0%          3    None
 Tukima's Dance           Hex            ########     0%          3    None
 Vampiric Draining        Necr           ########..   0%          3    None
 Airstrike                Air            ########..   0%          4    None
 Animate Dead             Necr           N/A          0%          4    None
 Cause Fear               Hex            ########..   0%          4    None
 Ice Form                 Ice/Tmut       ########     0%          4    None
 Leda's Liquefaction      Hex/Erth       ########..   0%          4    None
 Olgreb's Toxic Radiance  Pois           ########     0%          4    None
 Passage of Golubria      Tloc           N/A          0%          4    None
 Petrify                  Tmut/Erth      ########     0%          4    None
 Summon Ice Beast         Ice/Summ       ########     0%          4    None
 Summon Lightning Spire   Summ/Air       ########     0%          4    None
 Throw Icicle             Conj/Ice       ########     0%          4    None
 Summon Forest            Summ/Tloc      ########..   0%          5    None
 Alistair's Intoxication  Tmut/Pois      ########     1%          5    None
 Blade Hands              Tmut           ########..   1%          5    None
 Bolt of Draining         Conj/Necr      ########..   1%          5    None
 Bolt of Magma            Conj/Fire/Erth ########..   1%          5    None
 Borgnjor's Vile Clutch   Necr/Erth      ########..   1%          5    None
 Excruciating Wounds      Chrm/Necr      ########..   1%          5    None
 Fireball                 Conj/Fire      ########..   1%          5    None
 Irradiate                Conj/Tmut      ########..   1%          5    None
 Lee's Rapid Deconstruct  Erth           ########..   1%          5    None
 Lightning Bolt           Conj/Air       ########..   1%          5    None
 Metabolic Englaciation   Hex/Ice        ########..   1%          5    None
 Silence                  Hex/Air        ########..   1%          5    None
 Venom Bolt               Conj/Pois      ########..   1%          5    None
 Yara's Violent Unravell  Hex/Tmut       ########..   1%          5    None
 Bolt of Cold             Conj/Ice       ########..   1%          6    None
 Bolt of Fire             Conj/Fire      ########..   1%          6    None
 Darkness                 Hex            ########..   1%          6    None
 Freezing Cloud           Conj/Ice/Air   ########..   1%          6    None
 Hydra Form               Tmut           ########..   1%          6    None
 Iron Shot                Conj/Erth      ########..   1%          6    None
 Ozocubu's Refrigeration  Ice            ########..   1%          6    None
 Poison Arrow             Conj/Pois      ########..   1%          6    None
 Simulacrum               Ice/Necr       ########..   1%          6    None
 Dragon Form              Tmut           ########..   1%          7    #......
 Ring of Flames           Chrm/Fire      ########..   1%          7    #......
 Summon Hydra             Summ           ########..   1%          7    #......
 Borgnjor's Revivificati  Necr           ########..   4%          8    ####...
 Chain Lightning          Conj/Air       ########..   4%          8    ####...
 Discord                  Hex            ########..   4%          8    ####...
 Lehudib's Crystal Spear  Conj/Erth      ########..   4%          8    ####...
 Dragon's Call            Summ           ########..   52%         9    ######.
 Glaciate                 Conj/Ice       ########..   52%         9    ######.


Dungeon Overview and Level Annotations

Branches:
Dungeon (15/15)            Temple (1/1) D:4            Lair (6/6) D:9
 Shoals (4/4) Lair:2        Snake (4/4) Lair:2        Slime (0/5) Lair:6
    Orc (2/2) D:11            Elf (3/3) Orc:2        Vaults (5/5) D:13
  Crypt (3/3) Vaults:3       Tomb (0/3) Crypt:3      Depths (5/5) D:15
   Hell (1/1)                 Zot (0/5) Depths:5
    Dis: Hell:1         Geh: Hell:1         Coc: Hell:1         Tar: Hell:1

Altars:
Ashenzari
Cheibriados
Dithmenos
Elyvilon
Fedhas
Gozag
Hepliaklqana
Kikubaaqudgha
Makhleb
Nemelex Xobeh
Okawaru
Qazlal
Ru
Sif Muna
Trog
Uskayaw
Vehumet
Wu Jian
Xom
Yredelemnul
Zin
The Shining One

Shops:
D:6 (**:(   D:13 }   D:14 *   Orc:2 =}*([   Elf:1 =:[   Elf:2 %   Elf:3 *
Shoals:1 %   Shoals:2 [==(?=   Snake:2 [}   Snake:3 [**   Snake:4 =[*
Vaults:4 (?=*   Depths:2 (

Portals:
Hell: Depths:1 Depths:2 Depths:3 Depths:4 Depths:5
Abyss: Depths:2 Depths:4 Depths:5
Pandemonium: Depths:2 Depths:3 Depths:4

Annotations:
D:14 3 runed translucent doors
Lair:1 exclusion: obsidian statue
Lair:5 2 transporters, Libboc's ghost, journeyman DEFE
Lair:6 1 runed translucent door, exclusion: 4 oklob plants, kidcy's ghost, journeyman HOFi
Orc:1 1 exclusion
Hell Murray
Abyss:1 Margery


Innate Abilities, Weirdness & Mutations

Your experience applies equally to all skills.
You have very sharp teeth.
Your uncanny sense of smell can sniff out nearby items.
You are somewhat resistant to further mutation.


Message History

Wacuhatu sneers, "Thy brain shall be my mouthful!"
Wacuhatu hits you but does no damage. Space bends around you.
* * * LOW HITPOINT WARNING * * *
Ziullijo closely misses you. Wacuhatu hits you!
* * * LOW HITPOINT WARNING * * *
You feel strangely unstable. Ziullijo barely misses you.
You bump into the unnaturally hard rock wall.
Wacuhatu hits you!
* * * LOW HITPOINT WARNING * * *
Space bends around you.
* * * LOW HITPOINT WARNING * * *
Ziullijo hits you but does no damage. Wacuhatu hits you but does no damage.
You feel strangely stable. Ziullijo hits you but does no damage.
Wacuhatu completely misses you.
Your transformation is almost over.
Ziullijo hits you but does no damage. Wacuhatu hits you but does no damage.
You feel strangely unstable. Ziullijo hits you.
* * * LOW HITPOINT WARNING * * *
Wacuhatu hits you!!
You die...

▓▓·····†·····▓▓
▓▓·············▓▓
▓▓····†····†····)▓▓
▓▓·····)·♣♣······))▓
▓▓·······♣♣♣♣·····))∩
▓·∩·······♣ ♣♣····::>
▓▓·······♣♣♣♣♣·)··[}∩
▓▓········♣······[)▓
▓▓8&·········&···▓▓
▓▓&··········§·▓▓
▓▓···········▓▓
▓▓▓▓▓▓▓▓▓▓▓▓▓


You could see Wacuhatu and Ziullijo.

Vanquished Creatures
  An ancient lich (Crypt:3)
  2 juggernauts
  Sojobo (Vaults:4)
  2 greater mummies
  2 Killer Klowns (Zig:11)
  Geryon (Hell)
  3 golden dragons
  Nikola (Elf:1)
  Jory (Vaults:4)
  8 liches
  The ghost of KristoblXynda the Warrior, an adept DrGl of Ashenzari (Depths:2)
  The ghost of melvinkitnick the Warrior, an adept MfGl of Wu Jian (Vaults:1)
  3 tentacled monstrosities
  A shard shrike skeleton (Crypt:1)
  Rupert (D:12)
  2 quicksilver dragons
  An acid blob (shapeshifter) (Depths:4)
  9 titans
  4 deep elf blademasters
  5 deep elf master archers
  A quicksilver dragon (shapeshifter) (Zig:11)
  6 sphinxes
  A kraken (Shoals:3)
  4 acid blobs
  2 ancient champions
  A sphinx (shapeshifter) (Zig:11)
  2 tentacled starspawn
  Agnes (Elf:1)
  A storm dragon (shapeshifter) (Depths:4)
  A shadow dragon (shapeshifter) (Depths:4)
  Roxanne (D:14)
  A draconian monk (Zig:7)
  A thorn hunter (Zig:10)
  6 tengu reavers
  6 shadow dragons
  6 storm dragons
  2 revenants (Crypt:1)
  11 nagarajas
  16 fire giants
  5 deep elf sorcerers
  20 frost giants
  2 draconian scorchers
  5 iron dragons
  Louise (Elf:1)
  A cacodemon (Depths:3)
  9 vault wardens
  A pandemonium lord (Zig:11)
  2 curse skulls (Crypt:1)
  2 draconian stormcallers
  4 reapers (Crypt:3)
  3 ghouls (Crypt:1)
  16 ironheart preservers
  5 deep elf elementalists (Elf:3)
  2 spriggan defenders
  5 war gargoyles (Depths:4)
  30 stone giants
  A draconian annihilator (Zig:7)
  27 very ugly things
  An entropy weaver (Vaults:4)
  A caustic shrike skeleton (Zig:6)
  The ghost of Taunn the Eclecticist, a journeyman DEFE of Vehumet (Shoals:3)
  2 green draconians
  3 vampire knights
  2 bennus (Zig:6)
  3 deep elf demonologists
  A black draconian (Zig:7)
  A dire elephant (Elf:3)
  15 deep elf annihilators
  3 red draconians
  2 purple draconians (Depths:5)
  2 lorocyprocas
  4 orange crystal statues
  10 eidola
  A yellow draconian (Depths:5)
  12 spark wasps
  A crystal guardian (Depths:4)
  5 mummy priests
  10 merfolk impalers
  5 merfolk javelineers
  22 ettins
  12 deep elf death magi
  7 fire dragons
  14 yaktaur captains
  8 deep elf high priests
  7 jiangshi
  A quicksilver dragon zombie (Crypt:3)
  Fannar (D:12)
  An ettin (shapeshifter) (Depths:4)
  11 great orbs of eyes
  36 vault guards
  An ice dragon (shapeshifter) (Zig:11)
  6 rakshasas
  3 small abominations
  A ghost crab (Zig:10)
  Harold (D:11)
  6 spriggan air magi
  9 ice dragons
  10 hydras
  16 naga warriors
  3 juggernaut simulacra (Depths:4)
  4 merfolk avatars
  An anaconda (shapeshifter) (Vaults:5)
  A quicksilver dragon skeleton (Crypt:1)
  3 shambling mangroves (Zig:10)
  18 anacondas
  3 large abominations
  16 centaur warriors
  5 merfolk aquamancers
  34 dancing weapons
  15 deep troll shamans
  5 death knights
  35 two-headed ogres
  2 alligator snapping turtles
  An alligator (Zig:10)
  3 death yaks (Lair:5)
  2 death scarabs (Zig:8)
  3 satyrs
  12 tengu warriors
  15 deep troll earth magi
  13 ogre magi
  Urug (Lair:6)
  6 vampire magi
  4 spriggan berserkers
  A queen ant (shapeshifter) (Depths:4)
  A titan zombie (Crypt:1)
  34 deep elf knights
  12 naga sharpshooters
  5 hell knights
  2 shock serpents
  5 soul eaters
  Nergalle (D:11)
  2 sun demons
  5 iron trolls
  A fire crab (shapeshifter) (Depths:5)
  A shadow wraith (Zig:5)
  10 skeletal warriors
  A titan skeleton (Crypt:3)
  Sonja (D:11)
  An anaconda zombie (Crypt:3)
  2 death drakes (shapeshifter)
  3 salamander mystics
  An obsidian statue (Depths:2)
  7 naga ritualists
  13 sea snakes
  5 unseen horrors
  A spriggan druid (Zig:10)
  A death drake (Zig:10)
  2 swamp dragons (Zig:10)
  2 flayed ghosts
  4 glowing orange brains
  35 deep trolls
  A swamp dragon (shapeshifter) (Depths:4)
  An infernal demonspawn (Depths:3)
  9 wizards
  25 deep elf archers
  23 ironbrand convokers
  Pikel (D:5)
  16 phantasmal warriors
  26 harpies
  A lindwurm (Lair:5)
  A harpy (shapeshifter) (Zig:11)
  A glowing orange brain (shapeshifter) (Depths:3)
  A shadow dragon zombie (Crypt:3)
  An anaconda skeleton (Crypt:3)
  9 orc knights
  A frost giant zombie (Crypt:3)
  2 orc sorcerers
  38 ugly things
  20 necromancers
  A cyclops (shapeshifter) (Vaults:5)
  10 mana vipers
  A shadow dragon skeleton (Zig:8)
  16 salamanders
  28 fauns
  4 manticores (shapeshifter)
  3 wolf spiders
  16 cyclopes
  13 manticores
  A fire giant zombie (Crypt:3)
  2 stone giant zombies
  83 deep elf magi
  6 elephants (Lair:5)
  A salamander (shapeshifter) (Elf:1)
  30 black mambas
  A black mamba (shapeshifter) (Vaults:5)
  An elephant (shapeshifter) (Vaults:3)
  7 water nymphs
  A water nymph (shapeshifter) (Elf:1)
  13 spiny frogs
  9 merfolk sirens
  16 guardian serpents
  A rust devil (Hell)
  A stone giant skeleton (Crypt:3)
  2 apocalypse crabs (Zig:11)
  16 vault sentinels
  A torpor snail (shapeshifter) (Vaults:2)
  A fire giant skeleton (Crypt:1)
  A white draconian zombie (Crypt:2)
  23 naga magi
  7 komodo dragons
  A yaktaur zombie (Vaults:2)
  3 centaur skeletons
  A green draconian zombie (Crypt:2)
  A hellion (Depths:2)
  2 rime drakes (shapeshifter)
  A tormentor (Depths:1)
  A demonic crawler (Depths:1)
  10 freezing wraiths
  3 rime drakes
  2 ice devils
  2 komodo dragons (shapeshifter) (Depths:2)
  A yaktaur (shapeshifter) (D:13)
  2 efreet
  A hydra zombie (Hell)
  A human skeleton (Vaults:2)
  14 hellwings
  A red draconian zombie (Crypt:1)
  5 guardian mummies
  7 tengu conjurers
  57 yaktaurs
  6 trolls
  5 wind drakes
  2 meliai (shapeshifter)
  A troll (shapeshifter) (Vaults:1)
  24 merfolk
  5 polar bears
  11 hornets
  A tyrant leech (Zig:10)
  A polar bear (shapeshifter) (Vaults:4)
  A wolf spider simulacrum (D:14)
  2 spriggan zombies (D:15)
  A hornet (shapeshifter) (Vaults:1)
  A merfolk (shapeshifter) (Depths:3)
  39 slime creatures
  An alligator zombie (Crypt:1)
  18 blink frogs
  A shadow dragon simulacrum (Crypt:1)
  8 snapping turtles
  A deep troll zombie (D:15)
  A guardian serpent zombie (Crypt:1)
  9 hippogriffs
  A hydra skeleton (Crypt:3)
  A satyr zombie (Crypt:1)
  A dream sheep (shapeshifter) (Depths:5)
  6 dream sheep (Lair:4)
  A blink frog (shapeshifter) (Elf:2)
  A tarantella zombie (Crypt:2)
  A death drake skeleton (Crypt:2)
  3 bog bodies
  Sigmund (D:3)
  An ice dragon zombie (Crypt:3)
  A hippogriff (shapeshifter) (Vaults:4)
  8 flying skulls
  5 spriggans
  17 wraiths
  2 tarantellas (shapeshifter)
  4 shadows
  A spriggan skeleton (Zig:8)
  4 air elementals
  40 yaks
  2 vampires
  22 water elementals
  5 ushabtiu
  A wind drake zombie (Crypt:2)
  6 wyverns
  4 fire elementals
  2 fire bats (Depths:1)
  A golden eye (shapeshifter) (Vaults:2)
  7 chaos spawn
  A yak (shapeshifter) (Depths:1)
  A golden eye (Zig:9)
  Grum (D:9)
  2 basilisks
  A wind drake skeleton (Crypt:1)
  5 steam dragons
  4 humans (D:8)
  5 hungry ghosts
  2 insubstantial wisps
  A merfolk zombie (Crypt:3)
  A swamp worm (shapeshifter) (Vaults:5)
  3 vampire mosquitoes (D:14)
  A redback simulacrum (D:15)
  A soldier ant (D:14)
  3 soldier ants (shapeshifter)
  2 spiny frog zombies
  41 nagas
  2 acid dragons
  8 water moccasins
  A floating eye (shapeshifter) (Depths:5)
  7 porcupines
  6 sky beasts
  5 black bears
  24 orc warriors
  A snapping turtle zombie (Crypt:3)
  11 ice beasts
  An ettin simulacrum (Crypt:1)
  2 phantoms
  2 necrophages
  2 snapping turtle skeletons (Crypt:3)
  A boggart (shapeshifter) (Depths:1)
  A swamp dragon zombie (Crypt:3)
  2 black bears (shapeshifter) (Vaults:1)
  An eye of draining (shapeshifter) (Depths:1)
  3 eyes of draining
  10 wolves
  21 centaurs
  2 manticore skeletons (Crypt:3)
  2 swamp dragon skeletons (Crypt:1)
  41 ogres
  An elf skeleton (Vaults:2)
  A centaur (shapeshifter) (Vaults:5)
  9 boggarts
  16 crocodiles
  A dream sheep skeleton (Crypt:2)
  A lindwurm skeleton (Crypt:2)
  An elf zombie (Crypt:3)
  An octopode zombie (Crypt:2)
  A wyvern zombie (D:9)
  4 big kobolds
  5 earth elementals
  A bullfrog (shapeshifter) (Depths:5)
  22 bullfrogs
  11 wyvern skeletons
  3 scorpions
  A cyclops skeleton (Crypt:2)
  A polar bear zombie (Crypt:2)
  An elf simulacrum (Vaults:2)
  5 wights (Crypt:2)
  3 human simulacra
  5 howler monkeys
  2 electric eels
  11 crimson imps
  4 centaur zombies
  A quasit (D:10)
  4 bullfrog skeletons
  2 bullfrog zombies
  7 hounds
  A human zombie (Crypt:1)
  8 jellies
  15 orc priests
  An iguana (shapeshifter) (Depths:4)
  Jessica (D:2)
  6 iguanas
  22 orc wizards
  Natasha (thrice) (D:3)
  13 worker ants
  A lightning spire (Zig:6)
  A big kobold zombie (Ossuary)
  A naga skeleton (Crypt:1)
  A hound zombie (D:7)
  15 mummies
  A worker ant zombie (D:11)
  16 gnolls
  5 adders
  A steam dragon zombie (Crypt:1)
  6 shadow imps
  2 oozes
  3 adder skeletons
  3 worms
  A worm (shapeshifter) (Vaults:5)
  4 dart slugs
  6 leopard geckos
  83 orcs
  2 giant cockroaches
  6 hobgoblins
  5 jackals
  4 quokkas
  3 ball pythons
  9 bats
  11 frilled lizards
  A frilled lizard zombie (Crypt:1)
  A giant cockroach zombie (Crypt:1)
  12 goblins
  2 goblin zombies (Ossuary)
  20 kobolds
  2 kobold zombies (Ossuary)
  2 leopard gecko skeletons
  3 orc zombies (Ossuary)
  A quokka skeleton (D:5)
  A quokka zombie (D:5)
  7 rats
  A rat skeleton (Crypt:1)
  A river rat skeleton (Crypt:1)
  A bush (Elf:2)
  6 crawling corpses
  A macabre mass (Depths:2)
  2 plants
  2 starspawn tentacles (Zig:1)
  3 tentacles (Shoals:3)
  5 withered plants (Crypt:3)
2470 creatures vanquished.

Vanquished Creatures (collateral kills)
  A vampire knight (Depths:2)
  A deep troll shaman (Depths:5)
  A deep troll (Depths:5)
3 creatures vanquished.

Vanquished Creatures (others)
  Aizul (Snake:4)
  A very ugly thing (Depths:2)
  A spark wasp (Depths:2)
  An ettin (Vaults:5)
  A merfolk aquamancer (Shoals:1)
  An ogre mage (Vaults:4)
  2 dancing weapons (Elf:2)
  A spriggan berserker (Depths:2)
  2 deep elf knights
  2 cyclopes (Orc:2)
  2 deep elf magi (Elf:3)
  An eye of devastation (shapeshifter) (Elf:1)
  4 yaktaurs
  A fire bat (Depths:1)
  2 spatial vortices
  2 boggarts (Vaults:2)
  An ogre (Vaults:5)
  2 centaurs
  A bullfrog (D:7)
  An adder skeleton (D:5)
  3 orcs
  A quokka (D:5)
  A fire vortex (Elf:3)
  10 fungi
  15 plants
  2 starspawn tentacles (Abyss:2)
  4 tentacles (Shoals:3)
  3 withered plants
69 creatures vanquished.

Grand Total: 2542 creatures vanquished

Notes
Turn   | Place    | Note
-------+----------+-------------------------------------------
     0 | D:1      | Azzok the Gnoll Fighter began the quest for the Orb.
     0 | D:1      | Reached XP level 1. HP: 23/23 MP: 1/1
   193 | D:1      | Reached XP level 2. HP: 29/29 MP: 2/2
   732 | D:2      | Reached XP level 3. HP: 35/35 MP: 3/3
  1199 | D:2      | Found an iron altar of Okawaru.
  1215 | D:2      | Became a worshipper of Warmaster Okawaru
  1246 | D:2      | Reached skill level 1 in Invocations
  1335 | D:2      | Noticed Jessica
  1342 | D:2      | Killed Jessica
  1342 | D:2      | Reached skill level 1 in Short Blades
  1342 | D:2      | Reached skill level 1 in Long Blades
  1342 | D:2      | Reached skill level 1 in Maces & Flails
  1342 | D:2      | Reached skill level 1 in Polearms
  1342 | D:2      | Reached skill level 1 in Staves
  1342 | D:2      | Reached skill level 1 in Slings
  1342 | D:2      | Reached skill level 1 in Bows
  1342 | D:2      | Reached skill level 1 in Crossbows
  1342 | D:2      | Reached skill level 1 in Throwing
  1342 | D:2      | Reached skill level 1 in Dodging
  1342 | D:2      | Reached skill level 1 in Stealth
  1342 | D:2      | Reached skill level 1 in Unarmed Combat
  1342 | D:2      | Reached skill level 1 in Spellcasting
  1342 | D:2      | Reached skill level 1 in Evocations
  1342 | D:2      | Reached XP level 4. HP: 41/41 MP: 5/5
  1755 | D:3      | Noticed a phantom
  1786 | D:3      | Killed a phantom
  1786 | D:3      | Reached skill level 1 in Conjurations
  1786 | D:3      | Reached skill level 1 in Hexes
  1786 | D:3      | Reached skill level 1 in Charms
  1786 | D:3      | Reached skill level 1 in Summonings
  1786 | D:3      | Reached skill level 1 in Necromancy
  1786 | D:3      | Reached skill level 1 in Translocations
  1786 | D:3      | Reached skill level 1 in Transmutations
  1786 | D:3      | Reached skill level 1 in Fire Magic
  1786 | D:3      | Reached skill level 1 in Ice Magic
  1786 | D:3      | Reached skill level 1 in Air Magic
  1786 | D:3      | Reached skill level 1 in Earth Magic
  1786 | D:3      | Reached skill level 1 in Poison Magic
  1786 | D:3      | Reached XP level 5. HP: 37/47 MP: 5/7
  1982 | D:3      | Noticed Natasha
  1986 | D:3      | Killed Natasha
  2083 | D:3      | Reached * piety under Okawaru
  2083 | D:3      | Reached XP level 6. HP: 51/53 MP: 8/8
  2097 | D:3      | Noticed Sigmund
  2113 | D:3      | Noticed Natasha
  2129 | D:3      | Killed Natasha
  2142 | D:3      | Killed Sigmund
  2142 | D:3      | Reached skill level 5 in Axes
  2142 | D:3      | Reached skill level 2 in Stealth
  2142 | D:3      | Reached XP level 7. HP: 4/59 MP: 8/10
  2535 | D:3      | Noticed Natasha
  2548 | D:3      | Killed Natasha
  3621 | D:4      | Found a sand-covered staircase.
  3630 | Ossuary  | Entered an ossuary
  3879 | Ossuary  | Reached XP level 8. HP: 66/67 MP: 12/12
  4068 | D:4      | Found a staircase to the Ecumenical Temple.
  4116 | D:4      | Got a crude tin ring
  4156 | D:4      | Identified the ring "Gupaddua" {*Tele Int+3} (You found it
                  | on level 4 of the Dungeon)
  4537 | D:5      | Entered Level 5 of the Dungeon
  4594 | D:5      | Reached skill level 3 in Stealth
  4639 | D:5      | Noticed Pikel
  4661 | D:5      | Killed Pikel
  4661 | D:5      | Reached ** piety under Okawaru
  4704 | D:5      | Reached XP level 9. HP: 59/72 MP: 14/14
  4709 | D:5      | Reached *** piety under Okawaru
  5141 | D:6      | Killed an unseen horror
  5141 | D:6      | Reached skill level 4 in Stealth
  5466 | D:6      | Received a gift from Okawaru
  5963 | D:6      | Found Pumpar's Weapon Shop.
  5987 | D:6      | Found Kerphully's Assorted Antiques.
  6029 | D:6      | Found Xiqoc's Book Shoppe.
  6041 | D:6      | Reached skill level 5 in Invocations
  6066 | D:6      | Found Laveit's Weapon Shop.
  6171 | D:6      | Found Ulaocysk's Assorted Antiques.
  6421 | D:6      | Found a hazy altar of Hepliaklqana.
  6422 | D:6      | Found a shimmering altar of Xom.
  6423 | D:6      | Noticed a spectral ugly thing
  6702 | D:7      | Reached **** piety under Okawaru
  6905 | D:7      | Reached XP level 10. HP: 75/80 MP: 17/17
  7599 | D:7      | Reached skill level 5 in Short Blades
  7599 | D:7      | Reached skill level 5 in Long Blades
  7599 | D:7      | Reached skill level 5 in Maces & Flails
  7599 | D:7      | Reached skill level 5 in Polearms
  7599 | D:7      | Reached skill level 5 in Staves
  7599 | D:7      | Reached skill level 5 in Slings
  7599 | D:7      | Reached skill level 5 in Bows
  7599 | D:7      | Reached skill level 5 in Crossbows
  7599 | D:7      | Reached skill level 5 in Throwing
  7599 | D:7      | Reached skill level 5 in Dodging
  7599 | D:7      | Reached skill level 5 in Stealth
  7599 | D:7      | Reached skill level 5 in Unarmed Combat
  7599 | D:7      | Reached skill level 5 in Spellcasting
  7599 | D:7      | Reached skill level 5 in Evocations
  7949 | D:7      | Found an ancient bone altar of Kikubaaqudgha.
  7951 | D:7      | Found a blossoming altar of Fedhas.
  8322 | D:7      | You fall into a shaft and drop 2 floors!
  8424 | D:8      | Found a deep blue altar of Sif Muna.
  8424 | D:8      | Found a stormy altar of Qazlal.
  8424 | D:8      | Found a shattered altar of Ashenzari.
  8432 | D:8      | Got a pitted spear
  8595 | D:8      | Reached ***** piety under Okawaru
  8601 | D:8      | Got an ichor-stained chain mail
  9219 | D:8      | Received a gift from Okawaru
  9331 | D:8      | Noticed a two-headed ogre
  9347 | D:8      | Killed a two-headed ogre
  9598 | D:8      | Identified the +1 chain mail of Ymacropp {+Inv Int+4 SInv}
                  | (You found it on level 8 of the Dungeon)
  9610 | D:8      | Identified the +12 spear of Satyriasis {protect, rPois
                  | rF+++ Int-4 Dex-2} (You found it on level 8 of the Dungeon)
  9699 | D:8      | Found a shadowy altar of Dithmenos.
 10060 | D:8      | Reached XP level 11. HP: 73/87 MP: 19/19
 10243 | D:9      | Noticed a two-headed ogre
 10260 | D:9      | Killed a two-headed ogre
 10273 | D:9      | Reached skill level 6 in Stealth
 10273 | D:9      | Reached skill level 5 in Conjurations
 10273 | D:9      | Reached skill level 5 in Hexes
 10273 | D:9      | Reached skill level 5 in Charms
 10273 | D:9      | Reached skill level 5 in Summonings
 10273 | D:9      | Reached skill level 5 in Necromancy
 10273 | D:9      | Reached skill level 5 in Translocations
 10273 | D:9      | Reached skill level 5 in Transmutations
 10273 | D:9      | Reached skill level 5 in Fire Magic
 10273 | D:9      | Reached skill level 5 in Ice Magic
 10273 | D:9      | Reached skill level 5 in Air Magic
 10273 | D:9      | Reached skill level 5 in Earth Magic
 10273 | D:9      | Reached skill level 5 in Poison Magic
 10401 | D:9      | Found a staircase to the Lair.
 10649 | D:9      | Received a gift from Okawaru
 10736 | D:9      | Noticed Grum
 10751 | D:9      | Killed Grum
 11149 | D:10     | Entered Level 10 of the Dungeon
 11296 | D:10     | Found a white marble altar of Elyvilon.
 11999 | D:11     | Noticed a two-headed ogre
 12000 | D:11     | Noticed an unseen horror
 12013 | D:11     | Killed an unseen horror
 12019 | D:11     | Killed a two-headed ogre
 12104 | D:11     | Noticed Sonja
 12109 | D:11     | Killed Sonja
 12109 | D:11     | Reached XP level 12. HP: 96/96 MP: 22/22
 12111 | D:11     | You fall into a shaft and drop 3 floors!
 12220 | D:14     | Found Medyemn's Hallowed Reliquary.
 12220 | D:14     | Found a white marble altar of Elyvilon.
 12336 | D:14     | Noticed an angel
 12341 | D:14     | Bought a potion of heal wounds for 80 gold pieces
 12347 | D:14     | Noticed a seven-headed hydra
 12364 | D:14     | Killed a seven-headed hydra
 12560 | D:14     | Reached skill level 7 in Stealth
 12616 | D:14     | Reached ****** piety under Okawaru
 12643 | D:14     | Received a gift from Okawaru
 13127 | D:14     | Noticed a centaur warrior
 13143 | D:14     | Noticed a seven-headed hydra
 13314 | D:14     | Noticed an eight-headed hydra
 13326 | D:14     | Killed an eight-headed hydra
 13326 | D:14     | Received a gift from Okawaru
 13666 | D:13     | Noticed a centaur warrior
 13676 | D:13     | Killed a centaur warrior
 13676 | D:13     | Reached skill level 10 in Fighting
 13676 | D:13     | Reached skill level 10 in Armour
 13676 | D:13     | Reached skill level 10 in Shields
 13755 | D:13     | Noticed a tengu warrior
 13755 | D:13     | Noticed a tengu warrior
 13770 | D:13     | Killed a tengu warrior
 13789 | D:13     | Killed a tengu warrior
 14035 | D:13     | Reached XP level 13. HP: 103/103 MP: 24/24
 14135 | D:13     | Found Uderhyer's Gadget Emporium.
 14142 | D:13     | Found a gate to the Vaults.
 14156 | D:13     | Received a gift from Okawaru
 14517 | D:12     | Noticed Fannar
 14544 | D:12     | Killed Fannar
 14544 | D:12     | Reached skill level 8 in Stealth
 14972 | D:12     | Found the +3 robe of Clouds {+Thunder rCloud rElec}
 15317 | D:12     | Noticed Rupert
 15342 | D:12     | Killed Rupert
 15342 | D:12     | Received a gift from Okawaru
 15812 | D:11     | Noticed Nergalle
 16155 | D:11     | Killed Nergalle
 16239 | D:11     | Found a staircase to the Orcish Mines.
 16345 | Lair:1   | Entered Level 1 of the Lair of Beasts
 17504 | Lair:2   | Found a staircase to the Snake Pit.
 17719 | Lair:2   | Reached XP level 14. HP: 107/111 MP: 26/26
 17924 | Lair:2   | Found a staircase to the Shoals.
 18565 | Lair:3   | Received a gift from Okawaru
 18794 | Lair:3   | Reached skill level 10 in Axes
 19859 | Lair:4   | Reached skill level 9 in Stealth
 20742 | Lair:5   | Identified the +8 trident of Undoing {elec, rN+ Dex+5}
 20755 | Lair:5   | Noticed Libboc's ghost (journeyman DEFE)
 20766 | Lair:5   | Found a bloodstained altar of Trog.
 20822 | Lair:5   | Found a transporter.
 20909 | Lair:5   | Reached skill level 10 in Invocations
 21317 | Lair:5   | Received a gift from Okawaru
 21349 | Lair:5   | Got a warped cloak {god gift}
 21609 | Lair:5   | Found a transporter.
 21929 | Lair:6   | Entered Level 6 of the Lair of Beasts
 21929 | Lair:6   | Found a runed translucent door.
 22441 | Lair:6   | Reached XP level 15. HP: 94/119 MP: 28/28
 22608 | Lair:6   | Noticed Urug
 22634 | Lair:6   | Killed Urug
 22866 | Lair:6   | Learned a level 1 spell: Confusing Touch
 22953 | Lair:6   | Found a staircase to the Slime Pits.
 23148 | Lair:6   | Noticed kidcy's ghost (journeyman HOFi)
 23678 | Orc:1    | Entered Level 1 of the Orcish Mines
 24004 | Orc:1    | Paralysed by an orc sorcerer for 5 turns
 24022 | D:11     | Received a gift from Okawaru
 24311 | Orc:1    | Noticed Harold
 24341 | D:11     | Killed Harold
 24878 | Orc:1    | Found a bloodstained altar of Trog.
 25111 | Orc:2    | Entered Level 2 of the Orcish Mines
 25111 | Orc:2    | Found Neteczurph's Gadget Shoppe.
 25788 | Orc:2    | Found Culucs's Jewellery Shoppe.
 25796 | Orc:2    | Found a staircase to the Elven Halls.
 26121 | Orc:2    | Found Ivvuirghyu's General Store.
 26741 | Orc:2    | Received a gift from Okawaru
 26765 | Orc:2    | Found Zumuluih's Antique Armour Emporium.
 26820 | Orc:2    | Found Huisou's Antique Weapon Emporium.
 26924 | Orc:2    | Reached skill level 10 in Short Blades
 26924 | Orc:2    | Reached skill level 10 in Long Blades
 26924 | Orc:2    | Reached skill level 10 in Maces & Flails
 26924 | Orc:2    | Reached skill level 10 in Polearms
 26924 | Orc:2    | Reached skill level 10 in Staves
 26924 | Orc:2    | Reached skill level 10 in Slings
 26924 | Orc:2    | Reached skill level 10 in Bows
 26924 | Orc:2    | Reached skill level 10 in Crossbows
 26924 | Orc:2    | Reached skill level 10 in Throwing
 26924 | Orc:2    | Reached skill level 10 in Dodging
 26924 | Orc:2    | Reached skill level 10 in Stealth
 26924 | Orc:2    | Reached skill level 10 in Unarmed Combat
 26924 | Orc:2    | Reached skill level 10 in Spellcasting
 26924 | Orc:2    | Reached skill level 10 in Evocations
 27401 | Orc:2    | Bought a runed helmet for 285 gold pieces
 27594 | D:6      | Bought a scroll of identify for 38 gold pieces
 27594 | D:6      | Identified the +3 cloak of Woelin {+Blink rC+ Dex+4 Slay+3}
                  | (Okawaru gifted it to you on level 5 of the Lair of Beasts)
 27639 | D:6      | Bought a scroll of identify for 62 gold pieces
 27639 | D:6      | Bought a scroll of identify for 62 gold pieces
 28077 | D:14     | Found a runed translucent gate.
 28077 | D:14     | Found a runed translucent gate.
 28077 | D:14     | Found a runed translucent gate.
 28078 | D:14     | Identified the ring of Mangesk {*Tele Dex+2}
 28082 | D:14     | Noticed a sphinx
 28125 | D:14     | Noticed a tengu reaver
 28194 | D:14     | Received a gift from Okawaru
 28340 | D:14     | Found a runed translucent gate.
 28340 | D:14     | Found a runed translucent gate.
 28340 | D:14     | Found a runed translucent gate.
 28346 | D:14     | Noticed Roxanne
 28382 | D:14     | Killed Roxanne
 28411 | D:14     | Learned a level 6 spell: Statue Form
 29367 | D:14     | Gained mutation: Armour fits poorly on your strangely
                  | shaped body. [mutagenic glow]
 29863 | D:14     | Killed a tengu reaver
 29863 | D:14     | Received a gift from Okawaru
 29881 | D:14     | Killed a sphinx
 29881 | D:14     | Reached XP level 16. HP: 114/127 MP: 25/30
 29892 | D:14     | Received a gift from Okawaru
 30034 | D:15     | Entered Level 15 of the Dungeon
 30123 | D:15     | Paralysed by an orc warrior for 5 turns
 30153 | D:15     | Paralysed by an orc warrior for 2 turns
 30194 | D:15     | Received a gift from Okawaru
 30550 | D:6      | Bought a book of Necromancy for 420 gold pieces
 30554 | D:6      | Learned a level 3 spell: Regeneration
 30561 | D:6      | Learned a level 6 spell: Deflect Missiles
 30742 | Orc:2    | Bought an uncursed amulet of regeneration for 330 gold
                  | pieces
 30997 | D:15     | Found a staircase to the Depths.
 31309 | D:15     | Found a deep blue altar of Sif Muna.
 31679 | Snake:1  | Entered Level 1 of the Snake Pit
 31686 | Snake:1  | Received a gift from Okawaru
 31752 | Snake:1  | Received a gift from Okawaru
 32277 | Snake:1  | Received a gift from Okawaru
 32529 | Snake:1  | Received a gift from Okawaru
 33110 | Snake:2  | Found Ixtett's Gadget Boutique.
 33116 | Snake:2  | Found Kajer's Antique Armour Shop.
 33460 | Snake:2  | Reached skill level 11 in Stealth
 33651 | Snake:2  | Received a gift from Okawaru
 33725 | Snake:2  | Noticed a nagaraja
 33736 | Snake:2  | Killed a nagaraja
 33976 | Snake:2  | Identified a scroll of acquirement
 33999 | Snake:3  | Reached skill level 10 in Translocations
 34025 | Snake:3  | Reached XP level 17. HP: 135/135 MP: 23/32
 34052 | Snake:3  | Found Cotaor's Antique Armour Boutique.
 34065 | Snake:3  | Received a gift from Okawaru
 34428 | Snake:3  | Found Rahan's General Store.
 34430 | Snake:3  | Bought a scroll of teleportation for 39 gold pieces
 34430 | Snake:3  | Bought a potion of resistance for 130 gold pieces
 34430 | Snake:3  | Bought a scroll of teleportation for 39 gold pieces
 34430 | Snake:3  | Bought a scroll of identify for 26 gold pieces
 34490 | Snake:3  | Found the ring of the Octopus King
 34494 | Snake:3  | Got a ring of the Octopus King
 34809 | Snake:3  | Found Ysaleh's Assorted Antiques.
 34905 | Snake:3  | Bought a scroll of identify for 70 gold pieces
 34905 | Snake:3  | Bought a scroll of teleportation for 105 gold pieces
 34905 | Snake:3  | Bought a scroll of identify for 70 gold pieces
 35274 | Snake:4  | Entered Level 4 of the Snake Pit
 35277 | Snake:4  | Noticed Aizul
 35316 | Snake:4  | Killed Aizul
 36171 | Snake:4  | Received a gift from Okawaru
 36326 | Snake:4  | Found Exzam's General Store.
 36332 | Snake:4  | Found Alaomaizai's Armour Shop.
 36332 | Snake:4  | Found Atays's Jewellery Boutique.
 36335 | Snake:4  | Bought a scroll of identify for 34 gold pieces
 36337 | Snake:4  | Bought the cursed +0 helmet of Ytio {rN+ Int+6} for 379
                  | gold pieces
 36668 | Snake:4  | Reached skill level 10 in Conjurations
 36668 | Snake:4  | Reached skill level 10 in Hexes
 36668 | Snake:4  | Reached skill level 10 in Charms
 36668 | Snake:4  | Reached skill level 10 in Summonings
 36668 | Snake:4  | Reached skill level 10 in Necromancy
 36668 | Snake:4  | Reached skill level 10 in Transmutations
 36668 | Snake:4  | Reached skill level 10 in Fire Magic
 36668 | Snake:4  | Reached skill level 10 in Ice Magic
 36668 | Snake:4  | Reached skill level 10 in Air Magic
 36668 | Snake:4  | Reached skill level 10 in Earth Magic
 36668 | Snake:4  | Reached skill level 10 in Poison Magic
 36717 | Snake:4  | Received a gift from Okawaru
 36750 | Snake:4  | Reached XP level 18. HP: 143/143 MP: 25/33
 36766 | Snake:4  | Received a gift from Okawaru
 36832 | Snake:4  | Received a gift from Okawaru
 36931 | Snake:4  | Identified the +2 helmet "Susuin" {rPois} (Okawaru gifted
                  | it to you on level 4 of the Snake Pit)
 37023 | Snake:4  | Got a serpentine rune of Zot
 37581 | Shoals:1 | Entered Level 1 of the Shoals
 37581 | Shoals:1 | Found Huecid's Food Emporium.
 37778 | Shoals:1 | Reached skill level 12 in Stealth
 38546 | Shoals:1 | Got a brightly glowing bronze ring
 38547 | Shoals:1 | Identified the ring of Cextat {rN+ Dex+4} (You acquired it
                  | on level 1 of the Shoals)
 38860 | Shoals:2 | Found Koall's Jewellery Shoppe.
 38895 | Shoals:2 | Found Yhicro's Magic Scroll Emporium.
 38911 | Shoals:2 | Received a gift from Okawaru
 38934 | Shoals:2 | Bought a scroll of fear for 70 gold pieces
 38934 | Shoals:2 | Bought a scroll of blinking for 150 gold pieces
 38952 | Shoals:2 | Found Pauxaus's Antique Weapon Emporium.
 38955 | Shoals:2 | Found Wahis's Jewellery Shoppe.
 39232 | Shoals:2 | Received a gift from Okawaru
 39267 | Shoals:2 | Found Piler's Jewellery Boutique.
 39294 | Shoals:2 | Bought a cursed -2 ring of slaying for 26 gold pieces
 39298 | Shoals:2 | Found Mijy's Antique Armour Boutique.
 39498 | Shoals:2 | Learned a level 7 spell: Ring of Flames
 39610 | Shoals:2 | Received a gift from Okawaru
 40086 | Shoals:3 | Found the +7 great mace "Firestarter" {inner flame, rF++}
 40124 | Shoals:3 | Found a runed translucent door.
 40124 | Shoals:3 | Found a shimmering altar of Xom.
 40124 | Shoals:3 | Noticed Taunn's ghost (journeyman DEFE)
 40189 | Shoals:3 | Killed Taunn's ghost
 40208 | Shoals:3 | Identified the +8 long sword of Otoicur {antimagic, *Drain
                  | +Blink MR+ Str+5 Dex+4} (You found it on level 3 of the
                  | Shoals)
 40300 | Shoals:3 | Reached XP level 19. HP: 151/151 MP: 29/35
 40865 | Shoals:4 | Entered Level 4 of the Shoals
 40955 | Shoals:4 | Received a gift from Okawaru
 41192 | Shoals:4 | Received a gift from Okawaru
 41225 | Shoals:4 | Identified a +0 pair of boots of running (Okawaru gifted it
                  | to you on level 4 of the Shoals)
 41519 | Shoals:4 | Got a barnacled rune of Zot
 42633 | Vaults:1 | Entered Level 1 of the Vaults
 42661 | Vaults:1 | You fall into a shaft and drop 1 floor!
 42922 | Vaults:1 | Received a gift from Okawaru
 42931 | Vaults:1 | Got an encrusted eveningstar {god gift}
 43245 | Vaults:1 | Received a gift from Okawaru
 43261 | Vaults:1 | Reached XP level 20. HP: 127/159 MP: 36/36
 43280 | Vaults:1 | Reached skill level 13 in Stealth
 43298 | Vaults:1 | Received a gift from Okawaru
 43383 | Vaults:1 | Identified the +7 eveningstar of Duty {protect, *Drain MR+
                  | Dex+2 Stlth+} (Okawaru gifted it to you on level 1 of the
                  | Vaults)
 43623 | Vaults:1 | Received a gift from Okawaru
 43626 | Vaults:1 | Found the +8 glaive of the Guard {elec, +Rage AC+5 SInv}
 43761 | Vaults:1 | You fall into a shaft and drop 1 floor!
 44018 | Vaults:1 | Found a runed translucent gate.
 44018 | Vaults:1 | Found a runed translucent gate.
 44019 | Vaults:1 | Found a runed translucent gate.
 44106 | Vaults:1 | Noticed melvinkitnick's ghost (adept MfGl)
 44707 | Vaults:1 | Killed melvinkitnick's ghost
 44720 | Vaults:1 | Identified the +1 helmet of the Eight Wishes {-Tele MP+9
                  | Str+2 Dex+5} (You found it on level 1 of the Vaults)
 45765 | Vaults:2 | Received a gift from Okawaru
 46581 | Vaults:2 | Learned a level 1 spell: Apportation
 46907 | Vaults:2 | You fall into a shaft and drop 2 floors!
 46910 | Vaults:4 | Noticed Jory
 46925 | Vaults:4 | Reached XP level 21. HP: 166/166 MP: 24/38
 46926 | Vaults:4 | Killed Jory
 47038 | Vaults:4 | Reached skill level 14 in Stealth
 47038 | Vaults:4 | Reached XP level 22. HP: 174/174 MP: 39/39
 47172 | Vaults:4 | Received a gift from Okawaru
 47207 | Vaults:4 | Noticed Sojobo
 47946 | Shoals:2 | Bought the +3 crown of Dyrovepreva {rElec Int+2 SInv} for
                  | 1076 gold pieces
 47946 | Shoals:2 | Found the +3 crown of Dyrovepreva {rElec Int+2 SInv}
 48274 | Vaults:3 | Got a shimmering turquoise ring
 48275 | Vaults:3 | Identified the ring of Vyucven {+Fly MR+ Int+8} (You
                  | acquired it on level 3 of the Vaults)
 48355 | Vaults:3 | Noticed Margery
 48363 | Vaults:3 | Noticed Margery
 48363 | Vaults:3 | Margery changed into Margery the titan
 48365 | Vaults:3 | Banished Margery the titan
 48377 | Vaults:3 | Reached skill level 15 in Fighting
 48377 | Vaults:3 | Reached skill level 15 in Armour
 48377 | Vaults:3 | Reached skill level 15 in Shields
 48426 | Vaults:3 | Found a staircase to the Crypt.
 48727 | Vaults:3 | Reached skill level 15 in Invocations
 48761 | Vaults:3 | Received a gift from Okawaru
 49669 | Vaults:4 | Found Olipsas's Antique Weapon Boutique.
 49762 | Vaults:4 | Found Uwkifyd's Assorted Antiques.
 49770 | Vaults:4 | Bought a potion of heal wounds for 140 gold pieces
 50050 | Vaults:4 | Found Fublaenn's Jewellery Shoppe.
 50053 | Vaults:4 | Found Imym's Magic Scroll Shoppe.
 50155 | Vaults:4 | Received a gift from Okawaru
 50218 | Vaults:4 | Reached skill level 15 in Stealth
 50422 | Vaults:4 | Found a hazy altar of Hepliaklqana.
 50458 | Vaults:4 | Killed Sojobo
 50767 | Elf:1    | Entered Level 1 of the Elven Halls
 50835 | Elf:1    | Found Liufiud's Jewellery Shop.
 51015 | Elf:1    | Noticed Agnes
 51026 | Elf:1    | Killed Agnes
 51083 | Elf:1    | Found Qacvueho's Armour Shop.
 51146 | Elf:1    | Reached XP level 23. HP: 181/181 MP: 41/41
 51481 | Elf:1    | Found Junnej's Book Shoppe.
 51495 | Elf:1    | Noticed Nikola
 51505 | Elf:1    | Received a gift from Okawaru
 51516 | Elf:1    | Killed Nikola
 51732 | Elf:1    | Noticed Louise
 51753 | Elf:1    | Killed Louise
 52025 | Elf:2    | Found Coon Goi's Food Shoppe.
 52051 | Elf:2    | Reached skill level 15 in Axes
 52273 | Elf:2    | Found a runed translucent gate.
 52273 | Elf:2    | Found a runed translucent gate.
 52273 | Elf:2    | Found a runed translucent gate.
 52407 | Elf:2    | Reached skill level 15 in Translocations
 53227 | Elf:2    | Received a gift from Okawaru
 53262 | Elf:3    | Entered Level 3 of the Elven Halls
 53414 | Elf:3    | Gained mutation: You are occasionally teleported next to
                  | monsters. [a cacodemon]
 53575 | Elf:3    | Reached skill level 16 in Stealth
 53599 | Elf:3    | Lost mutation: Armour fits poorly on your strangely shaped
                  | body. [potion of mutation]
 53599 | Elf:3    | Lost mutation: You are occasionally teleported next to
                  | monsters. [potion of mutation]
 53599 | Elf:3    | Gained mutation: You are somewhat resistant to further
                  | mutation. [potion of mutation]
 53658 | Elf:3    | Found the ring of the Octopus King
 53663 | Elf:3    | Identified the ring "Foprefal" {Fire rPois Str+6}
 53736 | Elf:3    | Identified the +1 robe "Ucoropt" {rPois}
 53742 | Elf:3    | Identified the Reference Book on the Oath and Shape
                  | Shifting
 53764 | Elf:3    | Got a ring of the Octopus King
 53781 | Elf:3    | Identified the +0 helmet of the Nexus {+Inv MR+ Str+3} (You
                  | found it on level 3 of the Elven Halls)
 53790 | Elf:3    | Found the +9 staff of Olgreb {rPois}
 54004 | Elf:3    | Found Eczeohu Siva's Assorted Antiques.
 54278 | Elf:3    | Received a gift from Okawaru
 54288 | Elf:3    | Reached XP level 24. HP: 191/191 MP: 39/41
 54801 | Crypt:1  | Entered Level 1 of the Crypt
 54801 | Crypt:1  | Found a magical portal.
 54831 | Crypt:1  | Received a gift from Okawaru
 54877 | WizLab   | Entered Wucad Mu's Monastery
 55107 | WizLab   | Found the +9 staff of Wucad Mu {channel}
 55289 | WizLab   | Reached skill level 15 in Short Blades
 55289 | WizLab   | Reached skill level 15 in Long Blades
 55289 | WizLab   | Reached skill level 15 in Maces & Flails
 55289 | WizLab   | Reached skill level 15 in Polearms
 55289 | WizLab   | Reached skill level 15 in Staves
 55289 | WizLab   | Reached skill level 15 in Slings
 55289 | WizLab   | Reached skill level 15 in Bows
 55289 | WizLab   | Reached skill level 15 in Crossbows
 55289 | WizLab   | Reached skill level 15 in Throwing
 55289 | WizLab   | Reached skill level 15 in Dodging
 55289 | WizLab   | Reached skill level 15 in Unarmed Combat
 55289 | WizLab   | Reached skill level 15 in Spellcasting
 55289 | WizLab   | Reached skill level 15 in Evocations
 55289 | WizLab   | Reached XP level 25. HP: 197/197 MP: 41/42
 56024 | Crypt:1  | Received a gift from Okawaru
 56560 | Crypt:2  | Found the amulet of Vitality {Regen+ HP+15}
 56752 | Crypt:3  | Entered Level 3 of the Crypt
 56909 | Crypt:3  | Found an ancient bone altar of Kikubaaqudgha.
 56971 | Crypt:3  | Reached skill level 17 in Stealth
 57237 | Crypt:3  | Noticed an ancient lich
 57242 | Crypt:3  | Killed an ancient lich
 57251 | Crypt:3  | Identified the Collected Works on Dark Rites
 57609 | Crypt:3  | Found a staircase to the Tomb.
 58894 | D:6      | Bought a book of Annihilations for 1545 gold pieces
 59135 | Depths:1 | Entered Level 1 of the Depths
 59309 | Depths:1 | Reached XP level 26. HP: 206/206 MP: 39/42
 59682 | Depths:1 | Found a shattered altar of Ashenzari.
 59761 | Depths:1 | Received a gift from Okawaru
 60168 | Depths:1 | Found a gateway to Hell.
 60224 | Depths:2 | Received a gift from Okawaru
 60449 | Depths:1 | Received a gift from Okawaru
 60693 | Depths:2 | Reached skill level 18 in Stealth
 60699 | Depths:2 | Noticed a juggernaut
 60714 | Depths:2 | Killed a juggernaut
 60831 | Depths:2 | Identified Maota's Handbook of Cloudy Summoning
 60906 | Depths:2 | Received a gift from Okawaru
 60971 | Depths:2 | Found Gioluik's Antique Weapon Emporium.
 61063 | Depths:2 | Found a runed translucent gate.
 61064 | Depths:2 | Found a runed translucent gate.
 61064 | Depths:2 | Found an opulent altar of Gozag.
 61065 | Depths:2 | Found a runed translucent gate.
 61066 | Depths:2 | Noticed KristoblXynda's ghost (adept DrGl)
 61113 | Depths:2 | Killed KristoblXynda's ghost
 61204 | Depths:2 | Found a one-way gate to the infinite horrors of the Abyss.
 61289 | Depths:2 | Received a gift from Okawaru
 61292 | Depths:2 | Identified the +2 pair of gloves of the Mutiny {+Inv rF++
                  | Str-2} (Okawaru gifted it to you on level 2 of the Depths)
 61350 | Depths:2 | Found a one-way gate leading to the halls of Pandemonium.
 61447 | Depths:2 | Identified Paiwk's Thorough Guide to Magic
 61816 | Depths:3 | Reached XP level 27. HP: 214/214 MP: 36/43
 61883 | Depths:3 | Got a coiled lapis lazuli ring
 61884 | Depths:3 | Identified the ring of a Million Demons {+Fly rElec Str+4
                  | Dex-4} (You acquired it on level 3 of the Depths)
 62231 | Depths:3 | Found the +2 ratskin cloak {+Rats rPois rN+ Str-1 Int-1
                  | Dex+1}
 62790 | Depths:4 | Received a gift from Okawaru
 62951 | Depths:4 | Received a gift from Okawaru
 63135 | Depths:4 | Paralysed by a floating eye for 3 turns
 63198 | Depths:4 | Reached skill level 19 in Stealth
 63275 | Depths:4 | Noticed a juggernaut
 63275 | Depths:4 | an iron dragon changed into a juggernaut
 63286 | Depths:4 | Killed a juggernaut
 63715 | Depths:4 | Received a gift from Okawaru
 64004 | Depths:5 | Entered Level 5 of the Depths
 64004 | Depths:5 | Found a gateway to a ziggurat.
 64458 | Depths:5 | Found a gate to the Realm of Zot.
 64712 | Depths:5 | Received a gift from Okawaru
 64715 | Depths:5 | Identified the +3 hat of Paranoia {*Corrode rN+ Dex+2}
                  | (Okawaru gifted it to you on level 5 of the Depths)
 65149 | Vaults:5 | Entered Level 5 of the Vaults
 65624 | Vaults:5 | Reached skill level 20 in Stealth
 65797 | Vaults:5 | Received a gift from Okawaru
 65884 | Vaults:5 | Received a gift from Okawaru
 65907 | Vaults:5 | Identified the cursed +1 flail of the Several Realms
                  | {freeze, rC++ rN+ MR+}
 66667 | Vaults:5 | Reached skill level 15 in Conjurations
 66667 | Vaults:5 | Reached skill level 15 in Hexes
 66667 | Vaults:5 | Reached skill level 15 in Charms
 66667 | Vaults:5 | Reached skill level 15 in Summonings
 66667 | Vaults:5 | Reached skill level 15 in Necromancy
 66667 | Vaults:5 | Reached skill level 15 in Transmutations
 66667 | Vaults:5 | Reached skill level 15 in Fire Magic
 66667 | Vaults:5 | Reached skill level 15 in Ice Magic
 66667 | Vaults:5 | Reached skill level 15 in Air Magic
 66667 | Vaults:5 | Reached skill level 15 in Earth Magic
 66667 | Vaults:5 | Reached skill level 15 in Poison Magic
 66749 | Vaults:5 | Received a gift from Okawaru
 67011 | Vaults:5 | Identified the +6 large shield of the Grue {rF++ rC+} (You
                  | found it on level 5 of the Vaults)
 67015 | Vaults:5 | Got a silver rune of Zot
 67146 | Vaults:5 | Identified the +8 falchion "Embalmer" {slice, Str+4}
 67287 | Vaults:5 | Identified the Grimoire of Torrid Contamination
 67302 | Vaults:5 | Identified Xulootug's Tome of Creative Heat
 68069 | Elf:1    | Bought a book of the Earth for 780 gold pieces
 68371 | Hell     | Entered the Vestibule of Hell
 68371 | Hell     | Noticed Geryon
 68378 | Hell     | Noticed Murray
 68384 | Hell     | Cast into level 2 of the Abyss (hell knight)
 68447 | Hell     | Escaped the Abyss
 68456 | Hell     | Killed Geryon
 69084 | Temple   | Entered the Ecumenical Temple
 69268 | Temple   | Fell from the grace of Okawaru
 69268 | Temple   | Became a worshipper of Cheibriados the Contemplative
 70243 | Shoals:2 | Bought a runed broad axe for 210 gold pieces
 70801 | Depths:5 | Learned a level 8 spell: Ignition
 70808 | Depths:5 | Learned a level 6 spell: Invisibility
 70818 | Depths:5 | Learned a level 9 spell: Fire Storm
 70828 | Depths:5 | Learned a level 9 spell: Shatter
 71183 | Vaults:5 | Fell from the grace of Cheibriados
 71733 | Temple   | Became a worshipper of Cheibriados the Contemplative
 72095 | Zig:1    | Entered Level 1 of a ziggurat
 72120 | Zig:2    | Entered Level 2 of a ziggurat
 72251 | Zig:3    | Entered Level 3 of a ziggurat
 72326 | Zig:4    | Entered Level 4 of a ziggurat
 72391 | Zig:5    | Entered Level 5 of a ziggurat
 72398 | Zig:5    | Reached * piety under Cheibriados
 72488 | Zig:5    | Identified the cursed +1 robe "Kudalo" {+Inv rElec MR-
                  | Int+2} (You found it on level 5 of a ziggurat)
 72611 | Zig:6    | Entered Level 6 of a ziggurat
 72619 | Zig:6    | Noticed a greater mummy
 72633 | Zig:6    | Killed a greater mummy
 72825 | Zig:7    | Entered Level 7 of a ziggurat
 72916 | Zig:7    | Got a flickering golden amulet
 72917 | Zig:7    | Identified the amulet "Tick" {Reflect rN++ SH+2} (You
                  | acquired it on level 7 of a ziggurat)
 72920 | Zig:7    | Identified Eruech's Reference Book on Earth and the
                  | Frostbite
 72940 | Zig:8    | Entered Level 8 of a ziggurat
 72944 | Zig:8    | Noticed a greater mummy
 72947 | Zig:8    | Reached ** piety under Cheibriados
 72951 | Zig:8    | Killed a greater mummy
 72973 | Zig:8    | Got a coiled amethyst amulet
 72974 | Zig:8    | Identified the amulet "Ahiv Perr" {Inacc Fragile +Blink
                  | +Inv Int+4} (You found it on level 8 of a ziggurat)
 73029 | Zig:9    | Entered Level 9 of a ziggurat
 73194 | Zig:10   | Entered Level 10 of a ziggurat
 73203 | Zig:10   | Reached skill level 21 in Stealth
 73205 | Zig:10   | Reached *** piety under Cheibriados
 73238 | Zig:10   | Got an ancient pewter ring
 73239 | Zig:10   | Identified the ring of the Coward {EV+5 Dex+4} (You found
                  | it on level 10 of a ziggurat)
 73294 | Zig:11   | Entered Level 11 of a ziggurat
 73298 | Zig:11   | Noticed Utuojon the pandemonium lord
 73299 | Zig:11   | Noticed Ziullijo the pandemonium lord
 73301 | Zig:11   | Noticed Wacuhatu the pandemonium lord
 73308 | Zig:11   | Found the +7 great mace "Undeadhunter" {disrupt, rN+}
 73308 | Zig:11   | Found the +8 longbow "Zephyr" {speed, Dex+3 SInv}
 73316 | Zig:11   | Reached **** piety under Cheibriados
 73326 | Zig:11   | Killed Utuojon the pandemonium lord
 73338 | Zig:11   | HP: 10/284 [Wacuhatu the pandemonium lord (5)]
 73339 | Zig:11   | Slain by Wacuhatu the pandemonium lord

Levels and vault maps discovered:
D:1:      zelgadis_glass_arrival_small, layout_loops_ring,
          minmay_misc_feat_ornament, st_stairs_4
D:2:      layout_basic, okawaru_metal_pillars_3, first_ration, minmay_cupped,
          uniq_jessica
D:3:      layout_basic, uniq_natasha, uniq_sigmund
D:4:      layout_loops_ring, temple_green, nicolae_ossuary_entry_monument,
          hangedman_decor_diamond_cutter
D:5:      layout_cave_pools, hangedman_glass_teeth, minmay_strange_pillars,
          uniq_pikel
D:6:      minmay_opposing_rooms, layout_loops_ring,
          regret_index_temple_of_mockery, serial_shops, shop,
          nicolae_shop_trees, kennysheep_little_box, shop, shop,
          hangedman_decor_peaks_small
D:7:      layout_gridville, grunt_temple_overflow_growth_and_decay, the_bakery,
          hangedman_misty_isle
D:8:      cheibrodos_steamvent, layout_loops_ring,
          nicolae_dithmenos_the_darkroom,
          chequers_temple_overflow_statue_of_worship, minmay_ruffians
D:9:      layout_loops_cross, due_lair_maze_entry_diamond, uniq_grum
D:10:     layout_roguey, minivault_27, grunt_ministairs_5, elyvilon_altar_5
D:11:     layout_long_grid, orc_0_dummy, uniq_sonja, uniq_nergalle
D:12:     layout_basic, chequers_decorated_corner, uniq_rupert, uniq_fannar
D:13:     layout_roguey, erik_vaults_1, serial_shops, nicolae_shop_stone,
          hangedman_abyss_or_decor_stagger
D:14:     kennysheep_treasure_stockpile, layout_irregular_city,
          minmay_fountain_box, portal_ice_cave_entry_ice_beasts,
          grunt_ministairs_1, chequers_mini_garden, nicolae_good_shop,
          uniq_roxanne
D:15:     gammafunk_depths_entry_grave, layout_basic, basic_altar
Temple:   nicolae_temple_figure_eight
Lair:1:   statuecave_lemuel, layout_hall_layers, beast_lair_carwin_1,
          serial_bayou_shore_a, grunt_megastairs_3
Lair:2:   layout_gridlike, minmay_shoals_entry_lonely_mermaid,
          guppyfry_snake_entry_garden, lemuel_another_geyser
Lair:3:   layout_chaotic_city
Lair:4:   layout_long_grid, grunt_megastairs_4
Lair:5:   layout_misc_corridors, gammafunk_ghost_wrathful_warriors
Lair:6:   due_jungle_book, layout_gridlike, slime_dummy,
          ebering_ghost_reflecting_pool, infiniplex_staircase_pool,
          minmay_lair_oklob_chamber, uniq_urug
Shoals:1: layout_shoals, serial_shops, shop, nicolae_shoals_water_shrine
Shoals:2: layout_shoals, serial_shops, shop, shop_fountains,
          nicolae_shop_crystal, nicolae_shop_crystal, shop_coins,
          minmay_shop_enchanted_jewellery
Shoals:3: layout_shoals, ebering_ghost_xom, nicolae_shoals_square_sea_wall
Shoals:4: shoals_end_grunt_ice, layout_shoals
Snake:1:  layout_layer_cave
Snake:2:  layout_concentric_octagons, hangedman_snake_thin_pillar_pass,
          nicolae_snake_linked_coils, minmay_shoptagon
Snake:3:  layout_concentric_octagons, serial_shops, shop, shop,
          nicolae_shop_crystal, st_stairs_5, grunt_ministairs_13
Snake:4:  grunt_snake_rune_serpentine_throne, layout_cave_town,
          minmay_shop_star, uniq_aizul
Orc:1:    nicolae_orc_accident_3, layout_caves, trog_hazing_becter, uniq_harold
Orc:2:    grunt_orc_gardens, layout_diamond_mine, grunt_orc_garden,
          grunt_orc_garden, grunt_orc_garden, grunt_orc_garden, serial_shops,
          shop
Elf:1:    elf_arrival_001, layout_gridlike, serial_shops, shop,
          nicolae_shop_window_shopping, shop, evilmike_minifort, uniq_nikola,
          uniq_agnes, uniq_louise
Elf:2:    layout_geoelf_octagon, serial_shops, shop
Elf:3:    grunt_elf_hall_spiral, layout_geoelf_diagonals, serial_shops,
          nicolae_shop_behind_doors, patterned_corridor
Vaults:1: gammafunk_vaults_ghost_tricky_traps, hangedman_vaults_corner,
          v_misc_26, nicolae_vaults_ninety_degrees,
          vaults_room_grunt_arrival_checkpoint, nicolae_vaults_meeting,
          v_alt_pattern_6, v_misc_27, vaults_room_hallway,
          nicolae_vaults_little_squares_5, nicolae_vaults_shelves_hall,
          nicolae_vaults_little_squares_4, vaults_dpeg_diagonal,
          layout_vaults_omnicross
Vaults:2: v_misc_28, nicolae_vaults_quartermaster, grunt_vaults_focal,
          vaults_room_grid, nicolae_vaults_rhombus_5, v_pattern_1, v_misc_31,
          v_misc_26, vaults_dpeg_ring, nicolae_vaults_little_squares_2,
          layout_vaults_omnigrid
Vaults:3: v_misc_12, vaults_room_octagon, minmay_crypt_entry_simple_round,
          grunt_vaults_swirl, nicolae_vaults_twisting_passages,
          nicolae_vaults_little_squares_1, v_misc_17, ontoclasm_vaults_pinch,
          v_misc_8, layout_vaults_big_room, uniq_margery
Vaults:4: vaults_standard_mumra_x, v_pattern_2, ontoclasm_vaults_spin,
          nicolae_vaults_little_ls, v_misc_26, v_alt_pattern_4,
          vaults_mumra_chevron, vaults_room_stairs_pillars, v_rooms_3,
          hangedman_vaults_nodes, ontoclasm_vaults_ligature,
          layout_vaults_omnibox, basic_altar, serial_shops, shop, shop,
          nicolae_shop_temple_entry_statues_fountains, shop, uniq_sojobo,
          uniq_jory
Vaults:5: serial_shops
Crypt:1:  layout_gridlike, infiniplex_enter_wizlab_water
Crypt:2:  layout_rooms
Crypt:3:  evilmike_haunted_forest
Depths:1: layout_cave_pools, minmay_strange_pillars, pf_coc_iceberg,
          minivault_16, minmay_misc_feat_room, nrook_mini_vaults,
          hangedman_decor_lopped, evilmike_ruin_ashenzari
Depths:2: minmay_the_grid_octo_tiled_octocenter_mashed
          [minmay_the_grid_octo_chip, minmay_the_grid_octo_horde,
          minmay_the_grid_octo_clover, minmay_the_grid_octo_empty,
          minmay_the_grid_octo_prize_ultimate_mussel_roller,
          minmay_the_grid_square_5x5_six_small,
          minmay_the_grid_square_5x5_half_checkered,
          minmay_the_grid_square_5x5_broken_cross,
          minmay_the_grid_square_5x5_minivault], layout_basic,
          abyss_entry_small_statue_room, ebering_ghost_gozag,
          rand_demon_pan_entry_1, serial_shops, shop, hell_entry
Depths:3: kennysheep_cluttered_fort, layout_cave_pools, rand_demon_pan_entry_4,
          hell_entry, serial_rivers, chequers_serial_rivers_small_3,
          chequers_serial_rivers_small_a, chequers_serial_rivers_micro_a,
          chequers_serial_rivers_micro_d, chequers_serial_rivers_marsh,
          drop_trap, kennysheep_minor_cross, chequers_serial_rivers_micro_a,
          minmay_liquid_box, serial_sigils_hangedman_stare
Depths:4: hangedman_crystal_crosses_colossus [crystal_crosses_arms_two,
          crystal_crosses_arms_two, crystal_crosses_arms_one,
          crystal_crosses_arms_one], hell_entry, abyss_entry, pan_entry
Depths:5: evilmike_zot_entry_round, layout_cave_pools, enter_ziggurat_e,
          chequers_serial_rivers_room_a, abyss_entry, hell_entry
Hell
Zig:11:   ziggurat_pillar_centre_dead_trees

Skill      XL: |  1  2  3  4  5  6  7  8  9 10 11 12 13 14 15 16 17 18 19 20 21 22 23 24 25 26 27 |
---------------+----------------------------------------------------------------------------------+-----
Invocations    | 1 2 3 4 5 6 7 8 9 10 11 12 13 14 15 16 17 19 | 19.2
Short Blades   | 1 2 3 4 5 6 7 8 9 10 11 12 13 14 15 16 17 | 17.9
Long Blades    | 1 2 3 4 5 6 7 8 9 10 11 12 13 14 15 16 17 | 17.9
Maces & Flails | 1 2 3 4 5 6 7 8 9 10 11 12 13 14 15 16 17 | 17.9
Polearms       | 1 2 3 4 5 6 7 8 9 10 11 12 13 14 15 16 17 | 17.9
Staves         | 1 2 3 4 5 6 7 8 9 10 11 12 13 14 15 16 17 | 17.9
Slings         | 1 2 3 4 5 6 7 8 9 10 11 12 13 14 15 16 17 | 17.9
Bows           | 1 2 3 4 5 6 7 8 9 10 11 12 13 14 15 16 17 | 17.9
Crossbows      | 1 2 3 4 5 6 7 8 9 10 11 12 13 14 15 16 17 | 17.9
Throwing       | 1 2 3 4 5 6 7 8 9 10 11 12 13 14 15 16 17 | 17.9
Dodging        | 1 2 3 4 5 6 7 8 9 10 11 12 13 14 15 16 17 | 17.9
Stealth        | 1 2 3 4 5 6 7 8 9 10 11 12 13 14 15 16 17 18 21 | 21.1
Unarmed Combat | 1 2 3 4 5 6 7 8 9 10 11 12 13 14 15 16 17 | 17.9
Spellcasting   | 1 2 3 4 5 6 7 8 9 10 11 12 13 14 15 16 17 | 17.9
Evocations     | 1 2 3 4 5 6 7 8 9 10 11 12 13 14 15 16 17 | 17.9
Conjurations   | 1 2 3 4 5 6 7 8 9 10 11 12 13 15 | 15.4
Hexes          | 1 2 3 4 5 6 7 8 9 10 11 12 13 15 | 15.4
Charms         | 1 2 3 4 5 6 7 8 9 10 11 12 13 15 | 15.4
Summonings     | 1 2 3 4 5 6 7 8 9 10 11 12 13 15 | 15.4
Necromancy     | 1 2 3 4 5 6 7 8 9 10 11 12 13 15 | 15.4
Translocations | 1 2 3 4 5 6 7 8 10 11 12 13 14 15 16 17 19 | 19.4
Transmutations | 1 2 3 4 5 6 7 8 9 10 11 12 13 15 | 15.4
Fire Magic     | 1 2 3 4 5 6 7 8 9 10 11 12 13 15 | 15.4
Ice Magic      | 1 2 3 4 5 6 7 8 9 10 11 12 13 15 | 15.4
Air Magic      | 1 2 3 4 5 6 7 8 9 10 11 12 13 15 | 15.4
Earth Magic    | 1 2 3 4 5 6 7 8 9 10 11 12 13 15 | 15.4
Poison Magic   | 1 2 3 4 5 6 7 8 9 10 11 12 13 15 | 15.4
Axes           | 5 6 7 8 9 10 11 12 13 14 15 16 18 | 18.3
Fighting       | 7 8 9 10 11 12 13 14 15 16 17 18 | 18.7
Armour         | 7 8 9 10 11 12 13 14 15 16 17 18 20 | 20.9
Shields        | 7 8 9 10 11 12 13 14 15 16 17 18 | 18.7

Action                   |  1- 3 |  4- 6 |  7- 9 | 10-12 | 13-15 | 16-18 | 19-21 | 22-24 | 25-27 || total
-------------------------+-------+-------+-------+-------+-------+-------+-------+-------+-------++-------
Melee: War axe           |    87 |    82 |   424 |   254 |       |       |       |       |       ||   847
       Bite              |     5 |    10 |    55 |   131 |   322 |   231 |   144 |   180 |   375 ||  1453
       Flail             |       |       |    48 |       |       |       |       |       |       ||    48
       Spear             |       |       |       |   665 |  1943 |  1804 |   721 |       |       ||  5133
       Broad axe         |       |       |       |       |       |       |   439 |  1205 |  2139 ||  3783
Throw: Throwing net      |       |       |       |       |     1 |       |       |       |       ||     1
 Cast: Statue Form       |       |       |       |       |     2 |    96 |    58 |    69 |   102 ||   327
       Confusing Touch   |       |       |       |       |     1 |     2 |       |       |       ||     3
       Regeneration      |       |       |       |       |       |    85 |    53 |    65 |   114 ||   317
       Deflect Missiles  |       |       |       |       |       |    16 |    10 |     8 |    14 ||    48
       Apportation       |       |       |       |       |       |       |     2 |       |       ||     2
       Ring of Flames    |       |       |       |       |       |       |     1 |       |    47 ||    48
       Ignition          |       |       |       |       |       |       |       |       |    29 ||    29
Invok: Heroism           |       |       |     1 |     9 |    22 |     2 |     9 |    11 |    20 ||    74
       Finesse           |       |       |       |       |     8 |     2 |     4 |     1 |     5 ||    20
 Abil: End Transformatio |       |       |       |       |       |     1 |       |       |     1 ||     2
       Evoke Flight      |       |       |       |       |       |       |       |     1 |       ||     1
Evoke: Wand              |       |       |       |     5 |     1 |     1 |       |     1 |       ||     8
       Lamp of fire      |       |       |       |       |       |     3 |     1 |       |       ||     4
       Lightning rod     |       |       |       |       |       |       |     3 |     1 |       ||     4
  Use: Scroll            |       |       |     1 |    13 |    19 |    10 |    13 |     4 |    30 ||    90
       Potion            |       |       |       |     1 |     2 |       |     3 |     4 |     4 ||    14
 Stab: Sleeping          |       |       |     3 |       |     4 |    18 |    18 |    19 |    12 ||    74
       Distracted        |       |       |     1 |       |       |     3 |     1 |     7 |     7 ||    19
       Confused          |       |       |       |       |     4 |     2 |     5 |     6 |    22 ||    39
       Paralysed         |       |       |       |       |       |       |    13 |    19 |    43 ||    75
       Petrified         |       |       |       |       |       |       |    10 |     3 |    11 ||    24
       Petrifying        |       |       |       |       |       |       |     7 |     5 |    27 ||    39
  Eat: Chunk             |     1 |     3 |    13 |    22 |    35 |    31 |    30 |    32 |    41 ||   208
       Ration            |       |       |     1 |     2 |     6 |    15 |     5 |     5 |    16 ||    50
Armor: Scale mail        |    29 |    21 |   161 |    21 |       |       |       |       |       ||   232
       Skin              |       |    15 |       |       |     8 |   674 |   384 |   705 |   844 ||  2630
       Chain mail        |       |       |       |   325 |   361 |     2 |       |       |       ||   688
       Robe              |       |       |       |       |       |    29 |     2 |    13 |     5 ||    49
       Gold dragon scale |       |       |       |       |       |       |       |       |   312 ||   312
Dodge: Dodged            |    39 |    21 |   239 |   321 |   446 |  1298 |   844 |  1277 |  2240 ||  6725
       Deflected         |       |       |       |       |       |   109 |    59 |    72 |   161 ||   401
Block: Shield            |    44 |    39 |   308 |   462 |  1013 |  1244 |   859 |  1221 |  2204 ||  7394
       Reflection        |       |       |       |       |    67 |     9 |       |       |       ||    76
       Large shield      |       |       |       |       |       |       |       |       |   144 ||   144

Table legend:
 A = Non-vault XP
 B = Vault XP
 C = Vault XP percentage of total XP
 D = Non-vault monster count
 E = Vault monster count
 F = Vault count percentage of total count
                 A         B        C        D         E       F
            +---------+---------+-------+---------+---------+-------
      Total |  819209 |  666385 |  44.9 |    1670 |     782 |  31.9
            +---------+---------+-------+---------+---------+-------
        D:1 |      29 |       3 |   9.4 |      17 |       2 |  10.5
        D:2 |      45 |      43 |  48.9 |      21 |       4 |  16.0
        D:3 |     297 |     273 |  47.9 |      27 |       2 |   6.9
        D:4 |     492 |       0 |   0.0 |      28 |       0 |   0.0
        D:5 |     616 |     663 |  51.8 |      18 |       1 |   5.3
        D:6 |     716 |    1561 |  68.6 |      19 |      11 |  36.7
        D:7 |     960 |     582 |  37.7 |      20 |       3 |  13.0
        D:8 |    1868 |    1136 |  37.8 |      22 |       6 |  21.4
        D:9 |    3462 |    1845 |  34.8 |      28 |      15 |  34.9
       D:10 |    1469 |      72 |   4.7 |      16 |       1 |   5.9
       D:11 |    7207 |    2574 |  26.3 |      46 |       3 |   6.1
       D:12 |    6369 |    3949 |  38.3 |      36 |       2 |   5.3
       D:13 |    6221 |    1808 |  22.5 |      19 |       2 |   9.5
       D:14 |   15707 |   13917 |  47.0 |      53 |      35 |  39.8
       D:15 |   15567 |    4029 |  20.6 |      43 |       8 |  15.7
     Lair:1 |    3018 |    1691 |  35.9 |      15 |      11 |  42.3
     Lair:2 |    4132 |     927 |  18.3 |      21 |       4 |  16.0
     Lair:3 |    5686 |       0 |   0.0 |      26 |       0 |   0.0
     Lair:4 |    2696 |     530 |  16.4 |      13 |       2 |  13.3
     Lair:5 |   15775 |       0 |   0.0 |      39 |       0 |   0.0
     Lair:6 |    3862 |    5181 |  57.3 |      14 |       8 |  36.4
   Shoals:1 |   13592 |    3780 |  21.8 |      30 |       9 |  23.1
   Shoals:2 |   14016 |     886 |   5.9 |      25 |       1 |   3.8
   Shoals:3 |   25649 |    1419 |   5.2 |      45 |       1 |   2.2
   Shoals:4 |   17699 |   20141 |  53.2 |      33 |      28 |  45.9
    Snake:1 |   17548 |       0 |   0.0 |      33 |       0 |   0.0
    Snake:2 |   12488 |       0 |   0.0 |      17 |       0 |   0.0
    Snake:3 |   19687 |    1206 |   5.8 |      42 |       4 |   8.7
    Snake:4 |   17171 |   48028 |  73.7 |      30 |      63 |  67.7
      Orc:1 |    1062 |    3100 |  74.5 |      15 |      14 |  48.3
      Orc:2 |    1722 |    6648 |  79.4 |      25 |      10 |  28.6
      Elf:1 |   20928 |   17204 |  45.1 |      40 |      19 |  32.2
      Elf:2 |   26405 |   23079 |  46.6 |      45 |      28 |  38.4
      Elf:3 |   15788 |   33432 |  67.9 |      27 |      23 |  46.0
   Vaults:1 |   36846 |   37844 |  50.7 |      62 |      53 |  46.1
   Vaults:2 |   35230 |   19696 |  35.9 |      66 |      29 |  30.5
   Vaults:3 |   37428 |   15778 |  29.7 |      57 |      21 |  26.9
   Vaults:4 |   26905 |   58462 |  68.5 |      41 |      50 |  54.9
   Vaults:5 |   32213 |  108510 |  77.1 |      45 |      76 |  62.8
    Crypt:1 |   48421 |       0 |   0.0 |      61 |       0 |   0.0
    Crypt:2 |   10395 |       0 |   0.0 |      25 |       0 |   0.0
    Crypt:3 |       0 |   58973 | 100.0 |       0 |      92 | 100.0
   Depths:1 |   54223 |   17257 |  24.1 |      76 |      14 |  15.6
   Depths:2 |   36148 |   39517 |  52.2 |      50 |      32 |  39.0
   Depths:3 |   52297 |    6430 |  10.9 |      77 |       8 |   9.4
   Depths:4 |       0 |   80362 | 100.0 |       0 |      56 | 100.0
   Depths:5 |   41918 |   16898 |  28.7 |      43 |      12 |  21.8
       Hell |    4766 |    4946 |  50.9 |       7 |       3 |  30.0
    Abyss:2 |    2282 |       0 |   0.0 |       2 |       0 |   0.0
      Zig:1 |    2382 |       0 |   0.0 |       2 |       0 |   0.0
      Zig:2 |    1357 |       0 |   0.0 |       6 |       0 |   0.0
      Zig:3 |    2753 |       0 |   0.0 |       5 |       0 |   0.0
      Zig:4 |    4242 |       0 |   0.0 |       6 |       0 |   0.0
      Zig:5 |    7517 |       0 |   0.0 |       6 |       0 |   0.0
      Zig:6 |   12611 |      30 |   0.2 |      11 |       1 |   8.3
      Zig:7 |   10740 |       0 |   0.0 |       7 |       0 |   0.0
      Zig:8 |   11854 |     655 |   5.2 |      18 |       1 |   5.3
      Zig:9 |    9694 |       0 |   0.0 |      13 |       0 |   0.0
     Zig:10 |   15978 |       0 |   0.0 |      21 |       0 |   0.0
     Zig:11 |   21060 |       0 |   0.0 |      15 |       0 |   0.0
    Ossuary |       0 |     126 | 100.0 |       0 |      13 | 100.0
     WizLab |       0 |    1194 | 100.0 |       0 |       1 | 100.0
            +---------+---------+-------+---------+---------+-------
